 Dungeon Crawl Stone Soup version 0.18.1-48-g4cf74bf (webtiles) character file.

6549 Gagarin the Ducker (level 10, -1/83 HPs)
             Began as a Mottled Draconian Wizard on July 9, 2016.
             Was a Priest of Sif Muna.
             Slain by a komodo dragon (16 damage)
             ... on level 1 of the Lair of Beasts on July 10, 2016.
             The game lasted 00:56:27 (11703 turns).

Gagarin the Ducker (Mottled Draconian Wizard)      Turns: 11703, Time: 00:56:30

Health: -1/83      AC: 20    Str: 10    XL:     10   Next: 70%
Magic:  3/20       EV: 16    Int: 22    God:    Sif Muna [***...]
Gold:   351        SH:  0    Dex: 12    Spells: 7 memorised, 8 levels left

rFire  . . .     SeeInvis +     g - +3 quarterstaff (protect)
rCold  . . .     Gourm    .     (armour unavailable)
rNeg   . . .     Faith    .     (shield currently unavailable)
rPois  +         Spirit   .     a - +0 hat
rElec  .         Dismiss  .     h - +2 cloak {rPois}
rCorr  .         Reflect  .     H - +2 pair of gloves
SustAt .         Harm     .     J - +1 pair of boots {run}
MR     .....                    (no amulet)
Stlth  +++.......               L - +3 ring of intelligence
                                s - ring of see invisible

@: repel missiles, quick, not resistant to hostile enchantments, fairly stealthy
A: breathe sticky flame splash, unfitting armour, cold-blooded, AC +7
a: Breathe Sticky Flame, Channel Energy, Renounce Religion


You were on level 1 of the Lair of Beasts.
You worshipped Sif Muna.
Sif Muna was most pleased with you.
You were not hungry.

You visited 2 branches of the dungeon, and saw 11 of its levels.

You collected 477 gold pieces.
You spent 126 gold pieces at shops.

Inventory:

Hand Weapons
 g - a +3 quarterstaff of protection (weapon)
 K - a +0 shortbow
Missiles
 o - 101 sling bullets
 t - 78 arrows
 I - 2 poisoned javelins (quivered)
Armour
 a - a +0 hat (worn)
 h - a +2 cloak of poison resistance (worn)
 E - the +3 warlock's mirror {reflect}
   (You found it on level 4 of the Dungeon)
 H - a +2 pair of gloves (worn)
 J - a +1 pair of boots of running (worn)
Jewellery
 s - a ring of see invisible (left hand)
 L - a +3 ring of intelligence (right hand)
 N - an uncursed ring of see invisible
 P - an uncursed amulet of dismissal {unknown}
Wands
 x - a wand of random effects (25/48)
 D - a wand of slowing (19/48)
 Q - a wand of random effects (42/48)
Scrolls
 c - 5 scrolls of identify
 d - a scroll of enchant armour {unknown}
 i - a scroll of blinking
 y - 2 scrolls of fog
 z - a scroll of recharging
 G - a scroll of immolation {unknown}
 M - a scroll of enchant weapon
Potions
 e - a potion of might
 j - 4 potions of cancellation {unknown}
 k - 3 potions of flight {unknown}
 l - 3 potions of agility {unknown}
 m - 4 potions of curing
 q - 2 potions of brilliance {unknown}
 u - a potion of heal wounds {unknown}
 v - a potion of haste {unknown}
 A - a potion of berserk rage {unknown}
 C - 3 potions of ambrosia {unknown}
 F - 3 potions of lignification {unknown}
 R - a potion of degeneration {unknown}
Books
 b - a book of Minor Magic

   Spells                             Type                      Level
   a - Magic Dart                     Conjuration                  1
   b - Blink                          Translocation                2
   c - Call Imp                       Summoning                    2
   d - Repel Missiles                 Charms/Air                   2
   e - Slow                           Hexes                        2
   f - Conjure Flame                  Conjuration/Fire             3
   g - Mephitic Cloud                 Conjuration/Poison/Air       3
 r - Kikubaaqudgha's Guide on Sinister Magic
   (You found it on level 2 of the Dungeon)

   Spells                             Type                      Level
   a - Animate Skeleton               Necromancy                   1
 w - an Akashic Record

   Spells                             Type                      Level
   a - Dispersal                      Translocation                6
   b - Malign Gateway                 Summoning/Translocation      7
   c - Disjunction                    Translocation                8
   d - Controlled Blink               Translocation                8
 O - a book of Ice

   Spells                             Type                      Level
   a - Ice Form                       Ice/Transmutation            4
   b - Metabolic Englaciation         Hexes/Ice                    5
   c - Ozocubu's Refrigeration        Ice                          6
   d - Bolt of Cold                   Conjuration/Ice              6
   e - Freezing Cloud                 Conjuration/Ice/Air          6
   f - Simulacrum                     Ice/Necromancy               6
Comestibles
 f - 3 meat rations
 n - 3 bread rations
 p - a slice of pizza
 B - 3 beef jerkies
 S - 3 chunks of flesh


   Skills:
 + Level 6.0 Fighting
 + Level 6.3 Staves
   Level 0.1 Slings
 + Level 7.8 Dodging
 + Level 4.7 Stealth
 + Level 2.2 Unarmed Combat
 + Level 6.7 Spellcasting
 + Level 5.1 Conjurations
 + Level 1.0 Hexes
 + Level 0.5 Charms
   Level 1.0 Summonings
 + Level 0.4 Necromancy
 + Level 1.0 Translocations
 + Level 1.2 Fire Magic
 + Level 3.4 Air Magic
 + Level 2.2 Poison Magic
 + Level 0.6 Evocations


You had 8 spell levels left.
You knew the following spells:

 Your Spells              Type           Power        Failure   Level  Hunger
a - Magic Dart            Conj           ####         1%          1    None
b - Mephitic Cloud        Conj/Pois/Air  ###.....     8%          3    #......
c - Repel Missiles        Chrm/Air       ###...       8%          2    None
d - Animate Skeleton      Necr           N/A          10%         1    None
e - Conjure Flame         Conj/Fire      ###.....     10%         3    #......
f - Blink                 Tloc           N/A          10%         2    None
g - Slow                  Hex            ##......     10%         2    None


Dungeon Overview and Level Annotations

Branches:
Dungeon (10/15)            Temple (0/1) D:7            Lair (1/8) D:9
    Orc: D:9-12

Altars:
Dithmenos
Elyvilon
Gozag
Kikubaaqudgha
Nemelex Xobeh
Okawaru
Pakellas
Qazlal
Sif Muna
Trog
Vehumet
Xom
Yredelemnul
The Shining One

Shops:
D:5 *   D:7 }

Annotations:
D:10 Nergalle
Lair:1 Grum


Innate Abilities, Weirdness & Mutations

You can spit globs of burning liquid.
You can ignite nearby creatures when you spit burning liquid.
Your weird mottled scales are hard (AC +7).
Your body does not fit into most forms of armour.
You are cold-blooded and may be slowed by cold attacks.


Message History

You feel less protected.
K - a +0 shortbow (weapon)
Wield which item (- for none, * to show all)? (? for menu, Esc to quit)
You feel protected!
g - a +3 quarterstaff of protection (weapon)
Throwing (i - inventory):
I - 4 poisoned javelins (quivered)
Press: ? - help, Shift-Dir - straight line, f/p - komodo dragon
Aim: a komodo dragon (severely wounded, slow)
You throw a poisoned javelin.
The poisoned javelin barely misses the komodo dragon.
Throwing (i - inventory):
I - 3 poisoned javelins (quivered)
Press: ? - help, Shift-Dir - straight line, f/p - komodo dragon
Aim: a komodo dragon (severely wounded, slow)
You throw a poisoned javelin.
The poisoned javelin hits the komodo dragon.
The komodo dragon is poisoned.
The komodo dragon is severely wounded.
The komodo dragon hisses menacingly.
The komodo dragon bites you!
You die...

### ##.###...##......
####.....###...#.P..
##.............###...
#...............##...
#..........†...###...
#....................
##..............#....
##.............####..
#...@l.........## ##.
#.....(........P# ##
#............(.##
#...............#
#................#
#......##P###.##.#
##.######## ### ..#
## ..# ..


You could see a komodo dragon.

Vanquished Creatures
  The ghost of Typee the Covert, a novice OpCj of Sif Muna (D:8)
  A black mamba (Lair:1)
  2 trolls (D:9)
  Prince Ribbit (D:7)
  2 hippogriffs
  5 yaks (D:9)
  3 hungry ghosts
  Edmund (D:5)
  Duvessa (D:4)
  A water moccasin (Lair:1)
  A porcupine (Lair:1)
  4 ice beasts
  2 orc warriors
  2 sky beasts
  A wasp (D:7)
  A phantom (D:5)
  2 wolves (Lair:1)
  4 ogres
  A centaur (D:6)
  2 giant frogs
  A wyvern skeleton (D:8)
  A water moccasin skeleton (D:4)
  3 scorpions
  5 killer bees (D:8)
  4 electric eels (D:6)
  11 crimson imps
  A jelly (D:7)
  A hound (D:4)
  4 orc wizards
  3 orc priests
  Ijyb (D:3)
  5 iguanas
  9 worker ants
  A hound skeleton (D:4)
  A howler monkey skeleton (D:4)
  8 adders
  A shadow imp (D:9)
  2 oozes
  An adder skeleton (D:9)
  3 worms
  A dart slug (D:1)
  7 giant geckos
  23 orcs
  9 giant cockroaches
  2 goblins
  4 hobgoblins
  14 jackals
  3 quokkas
  A ball python skeleton (D:5)
  10 bats
  A giant cockroach zombie (D:5)
  A giant gecko skeleton (D:9)
  4 giant newts
  10 kobolds
  A quokka skeleton (D:4)
  A quokka zombie (D:5)
  14 rats
  A plant (D:6)
211 creatures vanquished.

Vanquished Creatures (collateral kills)
  Dowan (D:4)
  A jackal (D:4)
2 creatures vanquished.

Vanquished Creatures (others)
  A killer bee (D:8)
  An orc (D:6)
  A kobold (D:3)
3 creatures vanquished.

Grand Total: 216 creatures vanquished

Notes
Turn   | Place    | Note
--------------------------------------------------------------
     0 | D:1      | Gagarin the Draconian Wizard began the quest for the Orb.
     0 | D:1      | Reached XP level 1. HP: 14/14 MP: 4/4
   662 | D:1      | Reached skill level 2 in Dodging
   703 | D:1      | Reached XP level 2. HP: 20/20 MP: 3/6
  1071 | D:1      | Reached skill level 1 in Unarmed Combat
  1423 | D:1      | Reached XP level 3. HP: 27/27 MP: 4/7
  1496 | D:1      | Learned a level 3 spell: Mephitic Cloud
  1499 | D:1      | Learned a level 2 spell: Repel Missiles
  1979 | D:2      | Found a faded altar to an unknown god.
  2092 | D:2      | Found an ancient bone altar of Kikubaaqudgha.
  2097 | D:2      | Found a deep blue altar of Sif Muna.
  2098 | D:2      | Found a radiant altar of Vehumet.
  2101 | D:2      | Identified Kikubaaqudgha's Guide on Sinister Magic
  2118 | D:2      | Became a worshipper of Sif Muna the Loreminder
  2121 | D:2      | Learned a level 1 spell: Animate Skeleton
  2661 | D:3      | Found a shimmering altar of Xom.
  2922 | D:3      | Noticed Ijyb
  3261 | D:2      | Reached skill level 1 in Fighting
  3261 | D:2      | Reached XP level 4. HP: 35/35 MP: 6/9
  3787 | D:3      | Reached XP level 5. HP: 40/40 MP: 1/10
  4076 | D:3      | Killed Ijyb
  4486 | D:3      | Reached skill level 3 in Dodging
  4819 | D:4      | Noticed Dowan
  5079 | D:4      | Reached XP level 6. HP: 48/48 MP: 7/12
  5196 | D:4      | Reached skill level 1 in Air Magic
  5234 | D:4      | Noticed Duvessa
  5240 | D:4      | Killed Duvessa
  5240 | D:4      | Reached skill level 1 in Poison Magic
  5250 | D:4      | Killed Dowan
  5250 | D:4      | Reached * piety under Sif Muna
  5341 | D:4      | Found a basalt altar of Yredelemnul.
  5383 | D:4      | Reached skill level 1 in Staves
  5391 | D:4      | Your scales start taking on a weird mottled colour.
  5391 | D:4      | Reached XP level 7. HP: 47/55 MP: 13/13
  5418 | D:4      | Learned a level 3 spell: Conjure Flame
  5666 | D:5      | Entered Level 5 of the Dungeon
  5918 | D:5      | Noticed Edmund
  5951 | D:5      | Killed Edmund
  5973 | D:5      | Reached skill level 4 in Dodging
  6193 | D:5      | Reached skill level 5 in Spellcasting
  6339 | D:5      | Reached XP level 8. HP: 48/62 MP: 13/15
  6507 | D:5      | Found Erchasem's Assorted Antiques.
  6515 | D:5      | Bought a pair of runed boots for 126 gold pieces
  6520 | D:5      | Identified a +1 pair of boots of running (You bought it in a shop on level 5 of the Dungeon)
  6567 | D:5      | Learned a level 2 spell: Blink
  7503 | D:6      | Reached skill level 5 in Dodging
  7702 | D:6      | Found a bloodstained altar of Trog.
  7703 | D:6      | Found an iron altar of Okawaru.
  8116 | D:6      | Reached ** piety under Sif Muna
  8544 | D:6      | Found a shadowy altar of Dithmenos.
  8544 | D:6      | Found a stormy altar of Qazlal.
  8647 | D:7      | Noticed Prince Ribbit
  8669 | D:7      | Killed Prince Ribbit
  8725 | D:7      | Reached XP level 9. HP: 70/70 MP: 17/17
  9043 | D:7      | Found a staircase to the Ecumenical Temple.
  9144 | D:7      | Found an oddly glowing altar of Pakellas.
  9144 | D:7      | Found Pakellas's Prime Provisions.
  9436 | D:8      | Reached skill level 1 in Fire Magic
  9454 | D:8      | Reached skill level 6 in Dodging
  9601 | D:8      | Noticed Typee's ghost (novice OpCj)
  9629 | D:8      | Killed Typee's ghost
  9843 | D:8      | Reached skill level 5 in Staves
  9843 | D:8      | Reached skill level 7 in Dodging
 10008 | D:8      | Reached skill level 5 in Conjurations
 10008 | D:8      | Reached XP level 10. HP: 76/80 MP: 10/19
 10042 | D:8      | Learned a level 2 spell: Slow
 10261 | D:9      | Found an opulent altar of Gozag.
 10387 | D:9      | Found a staircase to the Lair.
 10448 | D:9      | Reached *** piety under Sif Muna
 10450 | D:9      | Reached skill level 5 in Fighting
 10455 | D:9      | Reached skill level 1 in Hexes
 10667 | D:9      | Found a white marble altar of Elyvilon.
 10830 | D:9      | Found a sparkling altar of Nemelex Xobeh.
 10907 | D:9      | Found a glowing golden altar of the Shining One.
 11174 | D:10     | Entered Level 10 of the Dungeon
 11317 | D:10     | Noticed Nergalle
 11379 | Lair:1   | Entered Level 1 of the Lair of Beasts
 11519 | Lair:1   | Noticed a black mamba
 11534 | Lair:1   | Killed a black mamba
 11613 | Lair:1   | Noticed Grum
 11703 | Lair:1   | Slain by a komodo dragon

Skill      XL: |  1  2  3  4  5  6  7  8  9 10 |
---------------+-------------------------------+-----
Dodging        | 2 3 4 5 7 |  7.8
Unarmed Combat | 1 2 |  2.2
Fighting       | 1 2 3 4 6 |  6.0
Conjurations   | 2 3 4 5 |  5.1
Spellcasting   | 4 5 6 |  6.7
Air Magic      | 1 2 3 |  3.4
Poison Magic   | 1 2 |  2.2
Staves         | 1 2 5 6 |  6.3
Stealth        | 2 3 4 |  4.7
Fire Magic     | 1 |  1.2
Hexes          | 1 |  1.0
Slings         | |  0.1
Charms         | |  0.5
Summonings     | |  1.0
Necromancy     | |  0.4
Translocations | |  1.0
Evocations     | |  0.6

Action                   |  1- 3 |  4- 6 |  7- 9 | 10-12 || total
-------------------------+-------+-------+-------+-------++-------
Melee: Unarmed           |   212 |    91 |       |       ||   303
       Tailslap          |    18 |    14 |    44 |    24 ||   100
       Punch             |     1 |       |       |       ||     1
       Quarterstaff      |       |    58 |   422 |   200 ||   680
 Fire: Hunting sling     |    10 |       |       |       ||    10
Throw: Javelin           |       |       |       |     2 ||     2
 Cast: Magic Dart        |   122 |    84 |   125 |    17 ||   348
       Animate Skeleton  |     4 |     2 |     1 |       ||     7
       Repel Missiles    |     1 |       |     3 |       ||     4
       Mephitic Cloud    |       |    11 |    25 |    13 ||    49
       Conjure Flame     |       |       |     8 |     2 ||    10
       Slow              |       |       |       |     3 ||     3
 Abil: Breathe Sticky Fl |       |       |     4 |     7 ||    11
Evoke: Wand              |     3 |    20 |       |     1 ||    24
  Use: Scroll            |     5 |       |     8 |     1 ||    14
 Stab: Sleeping          |     3 |       |     3 |     2 ||     8
       Confused          |       |     2 |    10 |    14 ||    26
  Eat: Chunk             |     6 |     5 |    16 |     4 ||    31
       Bread ration      |     1 |       |       |       ||     1
       Meat ration       |       |       |     2 |       ||     2
Armor: Skin              |   121 |    61 |   177 |    78 ||   437
Dodge: Dodged            |   181 |   128 |   301 |   129 ||   739
       Deflected         |     1 |       |     3 |       ||     4
